 Dungeon Crawl Stone Soup version 0.30-a0-459-g9104f0fc43 (webtiles) character file.

Game seed: 17028333770357425361

85 p00ps00p the Trooper (level 4, -1/41 HPs)
             Began as a Hill Orc Fighter on Dec 16, 2022.
             Frozen to death by an endoplasm (4 damage)
             ... on level 2 of the Dungeon.
             The game lasted 00:01:49 (1411 turns).

p00ps00p the Trooper (Hill Orc Fighter)             Turns: 1411, Time: 00:01:49

Health: -1/41      AC:  7    Str: 20    XL:     4   Next: 48%
Magic:  4/4        EV:  9    Int:  8    God:
Gold:   21         SH:  4    Dex: 10    Spells: 3/3 levels left

rFire   . . .      SeeInvis .    a - +0 war axe
rCold   . . .      Faith    .    c - +0 buckler
rNeg    + . .      Spirit   .    b - +0 scale mail
rPois   .          Reflect  .    (no helmet)
rElec   .          Harm     .    (no cloak)
rCorr   .          Rampage  .    (no gloves)
Will    .....                    (no boots)
Stlth   ..........               (no amulet)
HPRegen 0.26/turn                g - ring of positive energy
MPRegen 0.09/turn                (no ring)

@: no status effects
A: no striking features
a: no special abilities


You were on level 2 of the Dungeon.
You visited 1 branch of the dungeon, and saw 2 of its levels.

You collected 21 gold pieces.

Inventory:

Hand Weapons
 a - a +0 war axe (weapon)
Armour
 b - a +0 scale mail (worn)
 c - a +0 buckler (worn)
Jewellery
 g - a ring of positive energy (left hand)
Potions
 d - a potion of might
 e - a potion of flight {unknown}
 f - a potion of curing {unknown}
 j - a potion of resistance


   Skills:
 + Level 4.3 Fighting
 + Level 3.7 Axes
 + Level 4.0 Armour
 + Level 4.0 Shields


You had 3 spell levels left.
You didn't know any spells.
Your spell library contained the following spells:

 Spells                   Type           Power      Damage    Failure   Level
 Slow                     Hex            0%         N/A       85%         1
 Confusing Touch          Hex            0%         N/A       99%         3
 Vampiric Draining        Necr           0%         2d6       99%         3


Dungeon Overview and Level Annotations

Branches:
Dungeon (2/15)

Altars:


Message History

The jelly is heavily wounded.
You slash the endoplasm!
You kill the endoplasm!
You hit the endoplasm but do no damage.
The endoplasm hits the fungus. x2
The jelly closely misses you.
Unknown command.
You slash the jelly!
You kill the jelly!
You hit the jelly.
Your hands burn!
You hit the endoplasm.
A nearby fungus withers and dies. x2; The endoplasm hits you.
Your Armour skill increases to level 4!
Your Shields skill increases to level 4!
You have reached level 4!
You are too injured to fight recklessly!
Unknown command.
You are too injured to fight recklessly!
Unknown command.
You are too injured to fight recklessly!
Unknown command.
You are too injured to fight recklessly!
You barely miss the endoplasm.
The endoplasm is almost dead.
You hit the endoplasm. You slash the jelly!
Your hands burn!
* * * LOW HITPOINT WARNING * * *
The endoplasm barely misses you. The jelly barely misses you.
The endoplasm freezes you.
You are frozen.
* * * LOW HITPOINT WARNING * * *
You slash the endoplasm!
You kill the endoplasm!
You slash the endoplasm!
You kill the endoplasm!
You hit the endoplasm. You hit the jelly.
You kill the jelly!
The endoplasm freezes you.
You are frozen.
* * * LOW HITPOINT WARNING * * *
The endoplasm freezes you.
You are frozen.
You die...

.....##.#..............
...................####
.......##...........#
.......)####..#.###.##
......#......##.# #..#
.####...<.#####.# ##.##
####### #.####...
######## ####..##.
#..÷.J@############.##.
#÷....JJ##......###.##.
#÷.....#.#.......##....
#P.....#.#..[....)'....
#..÷...#.#........)..#.
#.P.P..#)#'#......))###
#......#.#.#.....##....
#.PP...#.#.#...)####..#
#)÷....##.####### #.##


You could see 3 endoplasms.

Vanquished Creatures
  2 jellies (D:2)
  2 dart slugs (D:1)
  4 ball pythons (D:1)
  8 endoplasms
  8 goblins
  2 hobgoblins (D:1)
  3 quokkas (D:1)
  A frilled lizard (D:1)
  15 kobolds
  4 rats (D:1)
49 creatures vanquished.

Vanquished Creatures (others)
  3 fungi (D:2)
  9 toadstools (D:2)
12 creatures vanquished.

Grand Total: 61 creatures vanquished

Notes
Turn   | Place    | Note
-------+----------+-------------------------------------------
     0 | D:1      | p00ps00p the Hill Orc Fighter began the quest for the Orb.
     0 | D:1      | Reached XP level 1. HP: 19/19 MP: 1/1
    68 | D:1      | Reached XP level 2. HP: 27/27 MP: 2/2
   376 | D:1      | Reached XP level 3. HP: 20/33 MP: 3/3
  1410 | D:2      | Reached XP level 4. HP: 17/41 MP: 4/4
  1411 | D:2      | Frozen to death by an endoplasm

Illustrated notes

Levels and vault maps discovered:
D:1:      tarquinn_simple_flora_water_f, layout_loops_corners, nrook_uturn
D:2:      cheibrodos_fertilizer, layout_rooms, nicolae_eternal_life

Skill      XL: |  1  2  3 |
---------------+----------+-----
Axes           | 3 |  3.7
Fighting       | 4 |  4.3
Armour         | 4 |  4.0
Shields        | 4 |  4.0

Action                   |  1- 3 |  4- 6 || total
-------------------------+-------+-------++-------
Melee: War axe           |   101 |     2 ||   103
  Use: Scroll            |     5 |       ||     5
Armor: Scale mail        |    61 |       ||    61
Dodge: Dodged            |    49 |     2 ||    51
Block: Buckler           |    23 |       ||    23

Table legend: (Time is in decaauts)
 A = Elapsed time spent in this place.
 B = Non-inter-level travel time spent in this place.
 C = Inter-level travel time spent in this place.
 D = Time resting spent in this place.
 E = Time spent auto-exploring this place.
 F = Levels seen in this place.
 G = Mean time per level.
                   A        B        C        D        E       F      G
               +--------+--------+--------+--------+--------+-----+--------+
         Total |   1449 |   1395 |     54 |    100 |    988 |   2 |  724.5 |
       Dungeon |   1449 |   1395 |     54 |    100 |    988 |   2 |  724.5 |
               +--------+--------+--------+--------+--------+-----+--------+

Top non-repeatable levels by time:
     D:1: 1206 daAuts
     D:2: 242 daAuts
